AoeStats
← RENAULFUEGOLACUPE

Arabia

508557384Analyzed
1v1 RM · 9d ago on Sep 23, 2026· 66m 27s· 2 players
Game mode
Random Map
Map size
Tiny (2 player)
Population
200
Speed
Normal
Resources
Standard
Victory
Conquest
Starting age
Dark Age
Ending age
Imperial Age
RankedLock teamsTeams togetherTeam positionsShared explorationLock speedFull tech treeHidden civsTurbo modeCheats
Victory
Defeat
🇦🇷 Bulgarians · Argentina
684
+16
🇧🇷 Romans · Brazil
676
-16
LordCharles87
4:34 Loom
11:17 Feudal Age
12:01 Double-Bit Axe
14:50 Town Watch
17:25 Castle Age
30:50 Ballistics
35:42 Elite Skirmisher
42:29 Murder Holes
42:55 Fletching
44:24 Fortified Wall
47:46 Wheelbarrow
49:29 Ballistas
51:27 Husbandry
60:05 Horse Collar
61:17 Bow Saw
62:16 Bodkin Arrow
62:24 Padded Archer Armor
RENAULFUEGOLACUPE
1:00 Loom
10:09 Feudal Age
18:03 Double-Bit Axe
17:59 Horse Collar
19:53 Wheelbarrow
23:33 Castle Age
23:00 Forging
22:42 Fletching
24:07 Bloodlines
24:26 Pikeman
26:43 Iron Casting
27:17 Scale Mail Armor
27:57 Gambesons
28:53 Wheelbarrow
40:40 Hand Cart
56:15 Bow Saw
58:38 Imperial Age
61:41 Halberdier
64:39 Blast Furnace
63:54 Chain Mail Armor
63:36 Bodkin Arrow
Connection lost

Rejoining the realm…

Still unreachable

The connection could not be restored.

Session expired

The server has moved on; the page needs a fresh start.